 Dungeon Crawl Stone Soup version 0.23-a0-767-gdc19b93d68 (webtiles) character file.

33 LLavrengius the Stinger (level 3, -2/21 HPs)
             Began as an Octopode Venom Mage on Jan 26, 2019.
             Slain by a goblin
             ... wielding a +0 dagger
              (5 damage)
             ... on level 1 of the Dungeon.
             The game lasted 00:03:09 (621 turns).

LLavrengius the Stinger (Octopode Venom Mage)        Turns: 621, Time: 00:03:10

Health: -2/21      AC:  1    Str:  7    XL:     3   Next: 29%
Magic:  1/6        EV: 13    Int: 18    God:
Gold:   16         SH:  0    Dex: 12    Spells: 3/6 levels left

rFire    . . .     SeeInvis .   c - +0 club
rCold    . . .     Gourm    .   (no shield)
rNeg     . . .     Faith    .   (helmet restricted)
rPois    .         Spirit   .   (no amulet)
rElec    .         Reflect  .   (no ring)
rCorr    .         Harm     .   (no ring)
MR       .....                  (no ring)
Stlth    +++.......             (no ring)
HPRegen  0.07/turn              (no ring)
MPRegen  0.10/turn              (no ring)
                                (no ring)
                                (no ring)

@: no status effects
A: almost no armour, stealthy swim, amphibious, 8 rings, constrict 8, camouflage
1, gelatinous body 1
a: no special abilities


You were on level 1 of the Dungeon.
You were not hungry.

You visited 1 branch of the dungeon, and saw 1 of its levels.

You collected 16 gold pieces.

Inventory:

Hand Weapons
 c - a +0 club (weapon)
Potions
 d - a potion of heal wounds {unknown}
 e - a potion of curing {unknown}
Comestibles
 a - 5 chunks of flesh
 b - a ration


   Skills:
 - Level 2.0 Dodging
 - Level 2.6 Stealth
 - Level 2.0 Spellcasting
 - Level 1.0 Conjurations
 + Level 5.2 Poison Magic


You had 3 spell levels left.
You knew the following spells:

 Your Spells              Type           Power        Failure   Level  Hunger
a - Sting                 Conj/Pois      ##..         4%          1    #......
b - Poisonous Vapours     Pois/Air       ##....       10%         2    ###....

Your spell library contained the following spells:

 Spells                   Type           Power        Failure   Level  Hunger
 Mephitic Cloud           Conj/Pois/Air  #.......     22%         3    ###....
 Olgreb's Toxic Radiance  Pois           ###.....     22%         4    #####..
 Venom Bolt               Conj/Pois      ##........   80%         5    ######.


Dungeon Overview and Level Annotations

Branches:
Dungeon (1/15)

Altars:


Innate Abilities, Weirdness & Mutations

You cannot wear most types of armour.
You are very stealthy in the water. (Stealth+)
You are amphibious.
You can wear up to eight rings at the same time.
You can use your tentacles to constrict eight enemies at once.
Your skin changes colour to match your surroundings (Stealth+).
Your rubbery body absorbs attacks. (AC +1, EV +1)


Message History

a +0 club; 13 stones; a hobgoblin skeleton; a goblin skeleton
Things that are here:
a +0 club; a cursed +0 dagger; a kobold skeleton
Casting: Poisonous Vapours (safe; 10% risk of failure)
Confirm with . or Enter, or press ? or * to list all spells.
Aiming: Poisonous Vapours (safe; 10% risk of failure)
Press: ? - help, Dir - move target cursor, f/p - gnoll
Aim: a gnoll, wielding a +0 halberd and wearing a cursed -2 ring of strength (heavily wounded) Poisonous vapours surround the gnoll!
The goblin hits you with a +0 dagger.
The gnoll is engulfed in poison gas.
The gnoll is poisoned.
The gnoll barely misses you.
Your magical contamination has completely faded away.
Your Poison Magic skill increases to level 5!
You feel a bit more experienced.
You completely miss the goblin. Your grab misses the goblin.
Your squeeze misses the goblin. The goblin hits you with a +0 dagger.
* * * LOW HITPOINT WARNING * * *
You barely miss the goblin. You grab the goblin. You constrict the goblin.
The goblin hits you with a +0 dagger.
You die...

#.........(... #...
#.......##.### #...
##............ ...
####.......##..##
#.###..........###..#
#..#................. #.
#..#..############(.. #.
#..#.##.......###..## #.
##).g@#.........#..## ..##
#...#.#.........#### ...#
##.....##.......##
...########..##############
#### ......).g...## #≈.≈##
##..## ..)########## ##'##
##....# ....#
##...####....# ..#.##
#.....#8#..§§§ ..#(.#
+..<..'.'..§§§


You could see a goblin.

Vanquished Creatures
  A gnoll (D:1)
  A dart slug (D:1)
  A giant cockroach (D:1)
  5 goblins (D:1)
  2 hobgoblins (D:1)
  4 jackals (D:1)
  5 kobolds (D:1)
  A bat (D:1)
  A rat (D:1)
21 creatures vanquished.

Notes
Turn   | Place    | Note
-------+----------+-------------------------------------------
     0 | D:1      | LLavrengius the Octopode Venom Mage began the quest for the
                  | Orb.
     0 | D:1      | Reached XP level 1. HP: 11/11 MP: 3/3
    54 | D:1      | Reached skill level 4 in Poison Magic
   329 | D:1      | Reached XP level 2. HP: 17/17 MP: 5/5
   333 | D:1      | Learned a level 2 spell: Poisonous Vapours
   591 | D:1      | Reached XP level 3. HP: 21/21 MP: 4/6
   615 | D:1      | Reached skill level 5 in Poison Magic
   621 | D:1      | Slain by a goblin

Vault maps used:
D:1:      shiori_arrival_elements, st_stairs_7

Skill      XL: |  1  2  3 |
---------------+----------+-----
Poison Magic   | 4 5 |  5.2
Dodging        | |  2.0
Stealth        | |  2.6
Spellcasting   | |  2.0
Conjurations   | |  1.0

Action                   || total
-------------------------++-------
Melee: Club              ||    31
       Constrict         ||    12
       Unarmed           ||     4
       Tentacles         ||     7
 Cast: Sting             ||     4
       Poisonous Vapours ||     7
 Stab: Sleeping          ||     2
Armor: Skin              ||     2
Dodge: Dodged            ||    25

Table legend:
 A = Non-vault XP
 B = Vault XP
 C = Vault XP percentage of total XP
 D = Non-vault monster count
 E = Vault monster count
 F = Vault count percentage of total count
                 A         B        C        D         E       F
            +---------+---------+-------+---------+---------+-------
      Total |      48 |       0 |   0.0 |      21 |       0 |   0.0
            +---------+---------+-------+---------+---------+-------
        D:1 |      48 |       0 |   0.0 |      21 |       0 |   0.0
            +---------+---------+-------+---------+---------+-------
